 Dungeon Crawl Stone Soup version 0.27.1-1-g398f81649c (webtiles) character file.

Game seed: 8582303613364579462

30 ZARRMARR the Skirmisher (level 3, -3/26 HPs)
             Began as an Octopode Monk on Sept 9, 2021.
             Slain by a gnoll (7 damage)
             ... on level 2 of the Dungeon.
             The game lasted 00:02:09 (964 turns).

ZARRMARR the Skirmisher (Octopode Monk)              Turns: 964, Time: 00:02:10

Health: -3/26      AC:  1    Str: 10    XL:     3   Next: 20%
Magic:  3/3        EV: 14    Int: 13    God:
Gold:   63         SH:  0    Dex: 14    Spells: 2/2 levels left

rFire    . . .     SeeInvis .   a - +1 short sword
rCold    . . .     Faith    .   (no shield)
rNeg     . . .     Spirit   .   (helmet restricted)
rPois    .         Reflect  .   (no amulet)
rElec    .         Harm     .   (no ring)
rCorr    .         Rampage  .   (no ring)
Will     .....                  (no ring)
Stlth    +++.......             (no ring)
HPRegen  0.08/turn              (no ring)
MPRegen  0.08/turn              (no ring)
                                (no ring)
                                (no ring)

@: no status effects
A: almost no armour, amphibious, 8 rings, camouflage 1, gelatinous body 1,
(nimble swimmer 1), tentacles
a: no special abilities


You were on level 2 of the Dungeon.
You visited 1 branch of the dungeon, and saw 2 of its levels.

You collected 63 gold pieces.

Inventory:

Hand Weapons
 a - a +1 short sword (weapon)
Scrolls
 e - a scroll of teleportation
 k - 2 scrolls of immolation
Potions
 b - a potion of mutation {unknown}
 d - a potion of invisibility {unknown}
 h - a potion of degeneration {unknown}
 i - a potion of might {unknown}
 j - 2 potions of flight {unknown}


   Skills:
 + Level 3.3 Fighting
 + Level 3.2 Short Blades
 + Level 3.2 Dodging
 + Level 3.3 Stealth
 + Level 0.2 Spellcasting
 + Level 0.3 Hexes


You had 2 spell levels left.
You didn't know any spells.
Your spell library contained the following spells:

 Spells                   Type           Power      Damage    Failure   Level
 Inner Flame              Hex/Fire       0%         N/A       65%         3
 Cause Fear               Hex            0%         N/A       95%         4
 Discord                  Hex            0%         N/A       100%        8


Dungeon Overview and Level Annotations

Branches:
Dungeon (2/15)

Altars:

Shops:
D:2 :


Innate Abilities, Weirdness & Mutations

You cannot wear most types of armour.
You are amphibious.
You can wear up to eight rings at the same time.
Your skin changes colour to match your surroundings (Stealth+).
Your rubbery body absorbs attacks. (AC +1, EV +1)
((You are camouflaged near water. (Stealth+)))
You have tentacles for arms and can constrict up to eight enemies at once.


Message History

You hit the jackal.
The jackal is severely wounded.
You constrict the jackal. The jackal closely misses you.
The jackal barely misses you.
The gnoll hits you from afar with a +0 spear.
The jackal bites you.
You hit the jackal.
You kill the jackal!
The jackal bites you.
The gnoll hits you from afar with a +0 spear.
* * * LOW HITPOINT WARNING * * *
You are too injured to fight recklessly!
You are too injured to fight recklessly!
You are too injured to fight recklessly!
You are too injured to fight recklessly!
You are too injured to fight recklessly!
You are too injured to fight recklessly!
You are too injured to fight recklessly!
You are too injured to fight recklessly!
You are too injured to fight recklessly!
You are too injured to fight recklessly!
You are too injured to fight recklessly!
You are too injured to fight recklessly!
You are too injured to fight recklessly!
You are too injured to fight recklessly!
You are too injured to fight recklessly!
You are too injured to fight recklessly!
You are too injured to fight recklessly!
You are too injured to fight recklessly!
You are too injured to fight recklessly!
You are too injured to fight recklessly!
You are too injured to fight recklessly!
The jackal barely misses you.
The gnoll hits you from afar with a +0 spear.
* * * LOW HITPOINT WARNING * * *
The jackal closely misses you.
You miss the jackal. You grab the jackal. You squeeze the jackal.
You kill the jackal!
The gnoll hits you with a +0 spear!
You die...

#.............######...###
# ###.........#.# ####.###
# #.......#####
#.....######## #
#.......#...+
#.......[.....
#########...#
#.############ #.†.+ #.#
####'###.# #..P.P...#
#....g@..# ####.....#
#######


You could see a gnoll.

Vanquished Creatures
  An adder (D:2)
  2 endoplasms (D:1)
  A giant cockroach (D:2)
  A goblin (D:2)
  A hobgoblin (D:1)
  2 jackals (D:2)
  A quokka (D:1)
  2 ball pythons (D:1)
  2 bats (D:2)
  3 frilled lizards (D:1)
  3 kobolds
  2 rats (D:1)
21 creatures vanquished.

Notes
Turn   | Place    | Note
-------+----------+-------------------------------------------
     0 | D:1      | ZARRMARR the Octopode Monk began the quest for the Orb.
     0 | D:1      | Reached XP level 1. HP: 16/16 MP: 1/1
   136 | D:1      | Reached XP level 2. HP: 21/21 MP: 2/2
   669 | D:2      | Found Ziuli's Book Emporium.
   782 | D:2      | Found a faded altar of an unknown god.
   863 | D:2      | Reached XP level 3. HP: 24/26 MP: 3/3
   964 | D:2      | Slain by a gnoll

Illustrated notes

Levels and vault maps discovered:
D:1:      nzn_arrival_crosshair, layout_basic, columned_hall_lemuel,
          chequers_serial_rivers_marsh, minmay_tetromino_s4
D:2:      layout_rooms, serial_shops,
          nicolae_shop_temple_entry_statues_fountains,
          shapermc_ecumenical_altar_flowoftime, hangedman_decor_clover_reticule,
          minmay_door_square, cheibrodos_gnoll_hut

Skill      XL: |  1  2 |
---------------+-------+-----
Stealth        | 3 |  3.3
Fighting       | |  3.3
Short Blades   | |  3.2
Dodging        | |  3.2
Spellcasting   | |  0.2
Hexes          | |  0.3

Action                   || total
-------------------------++-------
Melee: Short sword       ||    35
       Constrict         ||     8
       Tentacles         ||     6
  Use: Scroll            ||     6
 Stab: Sleeping          ||     3
Armor: Skin              ||     1
Dodge: Dodged            ||    25
